 Dungeon Crawl Stone Soup version 0.23-a0-128-g2d122ddfbf (webtiles) character file.

126 Napalmbreeze the Cudgeler (level 5, -2/32 HPs)
             Began as a Gargoyle Gladiator on Aug 27, 2018.
             Slain by Sigmund
             ... wielding a +0 scythe
              (4 damage)
             ... on level 2 of the Dungeon.
             The game lasted 00:04:03 (1834 turns).

Napalmbreeze the Cudgeler (Gargoyle Gladiator)      Turns: 1834, Time: 00:04:04

Health: -2/32      AC: 16    Str: 18    XL:     5   Next: 10%
Magic:  5/5        EV:  6    Int:  8    God:
Gold:   93         SH:  0    Dex: 12    Spells: 4/4 levels left

rFire    . . .     SeeInvis .   a - +0 flail
rCold    . . .     Gourm    .   (no shield)
rNeg     + . .     Faith    .   k - +0 plate armour
rPois    ∞         Spirit   .   c - +0 helmet
rElec    +         Reflect  .   (no cloak)
rCorr    .         Harm     .   (no gloves)
MR       .....                  (no boots)
Stlth    ..........             (no amulet)
HPRegen  0.10/turn              (no ring)
MPRegen  0.09/turn              (no ring)

@: no status effects
A: negative energy resistance 1, electricity resistance, unbreathing,
petrification resistance, rot immunity, AC +4
a: no special abilities


You were on level 2 of the Dungeon.
You were hungry.

You visited 1 branch of the dungeon, and saw 2 of its levels.

You collected 93 gold pieces.

Inventory:

Hand Weapons
 a - a +0 flail (weapon)
Missiles
 b - 2 tomahawks of returning (quivered)
Armour
 c - a +0 helmet (worn)
 k - a +0 plate armour (worn)
Scrolls
 g - a scroll of enchant weapon {unknown}
 h - a scroll of noise {unknown}
 l - a scroll of identify {unknown}
 m - a scroll of remove curse {unknown}
Potions
 e - 3 potions of curing {unknown}
 j - a potion of heal wounds {unknown}
 n - a potion of resistance {unknown}
 o - 2 potions of flight {unknown}
Comestibles
 f - 7 rations


   Skills:
 + Level 3.3 Fighting
 + Level 3.6 Maces & Flails
 - Level 1.7 Throwing
 * Level 2.7 Armour
 + Level 3.0 Dodging


You had 4 spell levels left.
You didn't know any spells.
Your spell library was empty.

Dungeon Overview and Level Annotations

Branches:
Dungeon (2/15)

Altars:
Trog

Annotations:
D:2 Sigmund


Innate Abilities, Weirdness & Mutations

You are resistant to torment.
Your stone body is resilient. (AC +4)
You are immune to poison.
You resist negative energy. (rN+)
You are resistant to electric shocks. (rElec)
You can survive without breathing.
You are immune to petrification.
You are immune to rotting.


Message History

Sigmund hits you with a scythe!
You bump into the rock wall.
You bump into the rock wall.
Sigmund casts a spell at you. The puff of flame hits you!
You bump into the rock wall.
You feel less confused.
Sigmund mumbles some strange words.
Sigmund flickers and vanishes!
Deactivating autopickup; reactivate with Ctrl-A.
You closely miss something. Something hits you.
You closely miss something. Something hits you!
* * * LOW HITPOINT WARNING * * *
You closely miss something. Something hits you.
* * * LOW HITPOINT WARNING * * *
You are feeling hungry.
You closely miss something. Something hits you.
* * * LOW HITPOINT WARNING * * *
You closely miss something. Something hits you.
You die...

#.#... #.###. #. #.
## .. #. #. .. #.
#.## .. #. .(# #.
#{# #. #@####### ##
#.......#########
##.#####.##.. ...#
#...####.##.####.##
#.....##.##.#......
#...#.##.##.#.##.##
##.......##.#.##.#
#.......##(.....#
##......)...<####


There were no monsters in sight!

Vanquished Creatures
  An orc priest (D:2)
  3 adders (D:2)
  5 dart slugs
  A leopard gecko (D:1)
  2 orcs (D:2)
  A giant cockroach (D:1)
  7 goblins
  7 hobgoblins
  6 jackals (D:2)
  3 kobolds (D:1)
  A quokka (D:2)
  12 bats
  5 frilled lizards
  3 rats (D:1)
57 creatures vanquished.

Notes
Turn   | Place    | Note
-------+----------+-------------------------------------------
     0 | D:1      | Napalmbreeze the Gargoyle Gladiator began the quest for the
                  | Orb.
     0 | D:1      | Reached XP level 1. HP: 12/12 MP: 1/1
   328 | D:1      | Reached XP level 2. HP: 16/18 MP: 2/2
   477 | D:1      | Reached skill level 1 in Armour
   501 | D:1      | Reached XP level 3. HP: 11/22 MP: 3/3
  1106 | D:2      | Found a bloodstained altar of Trog.
  1253 | D:2      | Reached XP level 4. HP: 19/28 MP: 4/4
  1710 | D:2      | Reached XP level 5. HP: 22/32 MP: 5/5
  1808 | D:2      | Noticed Sigmund
  1834 | D:2      | Slain by Sigmund

Vault maps used:
D:1:      minmay_arrival_stone_box
D:2:      bloody_trog, uniq_sigmund

Skill      XL: |  1  2  3  4 |
---------------+-------------+-----
Armour         | 1 2 |  2.7
Fighting       | 3 |  3.3
Dodging        | 3 |  3.0
Maces & Flails | |  3.6
Throwing       | |  1.7

Action                   |  1- 3 |  4- 6 || total
-------------------------+-------+-------++-------
Melee: Flail             |   163 |    78 ||   241
Throw: Throwing net      |       |     5 ||     5
       Tomahawk          |       |     4 ||     4
  Eat: Chunk             |     1 |     2 ||     3
Armor: Leather armour    |    23 |       ||    23
       Plate armour      |   176 |    82 ||   258
Dodge: Dodged            |    89 |    32 ||   121

Table legend:
 A = Non-vault XP
 B = Vault XP
 C = Vault XP percentage of total XP
 D = Non-vault monster count
 E = Vault monster count
 F = Vault count percentage of total count
                 A         B        C        D         E       F
            +---------+---------+-------+---------+---------+-------
      Total |     181 |       0 |   0.0 |      57 |       0 |   0.0
            +---------+---------+-------+---------+---------+-------
        D:1 |      53 |       0 |   0.0 |      30 |       0 |   0.0
        D:2 |     128 |       0 |   0.0 |      27 |       0 |   0.0
            +---------+---------+-------+---------+---------+-------
